 Dungeon Crawl Stone Soup version 0.29.1-2-gbd0b4ee654 (webtiles) character file.

Game seed: 4837757119698654494

22470 qeuew the Fighter (level 13, -4/68 HPs)
             Began as a Vine Stalker Fighter on Nov 8, 2022.
             Was an Initiate of Gozag.
             Killed from afar by a rime drake (18 damage)
             ... with a flash freeze
             ... on level 4 of the Lair of Beasts.
             The game lasted 00:24:09 (12961 turns).

qeuew the Fighter (Vine Stalker Fighter)           Turns: 12961, Time: 00:24:10

Health: -4/68      AC:  8    Str: 26    XL:     13   Next: 0%
Magic:  0/26       EV: 13    Int: 16    God:    Gozag
Gold:   1110       SH: 11    Dex: 16    Spells: 25/28 levels left

rFire   . . .      SeeInvis .   D - +5 war axe (vamp)
rCold   . . .      Faith    .   c - +0 buckler
rNeg    . . .      Spirit   +   b - +0 scale mail
rPois   .          Reflect  +   e - +0 helmet
rElec   .          Harm     .   (no cloak)
rCorr   +          Rampage  .   j - +1 pair of gloves
Will    +....                   (no boots)
Stlth   ..........              x - amulet of reflection
HPRegen 1.01/turn               t - ring "Nidai" {Str+6 Int+6}
MPRegen 0.20/turn               w - ring of resist corrosion

@: no status effects
A: fangs 3, regeneration 1, magic shield, antimagic bite, no potion heal 2,
deformed body, subdued magic 1
a: Renounce Religion, Potion Petition, Call Merchant, Bribe Branch


You were on level 4 of the Lair of Beasts.
You worshipped Gozag.
Gozag was most pleased with you.
You visited 3 branches of the dungeon, and saw 17 of its levels.
You also visited: Sewer.

You collected 3209 gold pieces.
You spent 331 gold pieces at shops.
You paid 1768 gold pieces to Gozag.

Inventory:

Hand Weapons
 y - a +2 war axe of venom
 D - a +5 vampiric war axe (weapon)
Armour
 b - a +0 scale mail (worn)
 c - a +0 buckler (worn)
 e - a +0 helmet (worn)
 j - a +1 pair of gloves (worn)
Jewellery
 t - the ring "Nidai" (left hand) {Str+6 Int+6}
   (You acquired it on level 6 of the Dungeon)

   [ring of intelligence]

   Str:       It affects your strength (+6).
   Int:       It affects your intelligence (+6).
 w - a ring of resist corrosion (right hand)
 x - an amulet of reflection (around neck)
Wands
 a - a wand of paralysis (6)
 h - a wand of iceblast (7) (quivered)
 u - a wand of quicksilver (20)
 B - a wand of flame (3)
 C - a wand of digging (3)
 F - a wand of polymorph (6)
Scrolls
 f - 5 scrolls of teleportation
 k - 2 scrolls of enchant armour
 l - 3 scrolls of magic mapping
 n - a scroll of fear
 p - a scroll of silence
 s - 3 scrolls of blinking
 v - 5 scrolls of identify
Potions
 d - 8 potions of might
 g - 3 potions of berserk rage
 i - 5 potions of curing
 m - 3 potions of haste
 o - 5 potions of flight
 q - 2 potions of resistance
 r - a potion of magic
 z - a potion of cancellation


   Skills:
 + Level 8.3 Fighting
 + Level 7.8 Axes
 + Level 7.6 Armour
 + Level 6.8 Dodging
 + Level 8.2 Shields
 + Level 8.2 Spellcasting
 + Level 6.6 Conjurations


You had 25 spell levels left.
You knew the following spells:

 Your Spells              Type           Power      Damage    Failure   Level
a - Magic Dart            Conj           84%        1d7       1%          1
b - Searing Ray           Conj           42%        2d6       1%          2

Your spell library contained the following spells:

 Spells                   Type           Power      Damage    Failure   Level
 Conjure Flame            Conj/Fire      13%        6-21      19%         3
 Scorch                   Fire           10%        2d6       36%         2
 Flame Wave               Conj/Fire      13%        2d6       54%         4
 Fulminant Prism          Conj/Hex       6%         3d7       54%         4
 Iskenderun's Mystic Bla  Conj/Tloc      13%        2d5       54%         4
 Sticky Flame             Conj/Fire      13%        2d4       54%         4
 Gell's Gravitas          Tloc           5%         N/A       61%         3
 Ignite Poison            Fire/Tmut/Pois 5%         N/A       61%         3
 Lesser Beckoning         Tloc           5%         N/A       61%         3
 Teleport Other           Tloc           5%         N/A       61%         3
 Lee's Rapid Deconstruct  Erth           2%         3d6*      100%        5
 Summon Cactus Giant      Summ           2%         N/A       100%        6


Dungeon Overview and Level Annotations

Branches:
Dungeon (12/15)            Temple (1/1) D:4            Lair (4/5) D:11
  Swamp (0/4) Lair:2       Spider (0/4) Lair:3          Orc (0/2) D:9
  Sewer (visited)
  Slime: Lair:4-5

Altars:
Ashenzari
Cheibriados
Dithmenos
Elyvilon
Fedhas
Gozag
Hepliaklqana
Kikubaaqudgha
Makhleb
Nemelex Xobeh
Okawaru
Qazlal
Ru
Sif Muna
Trog
Uskayaw
Vehumet
Wu Jian
Xom
Yredelemnul
Zin
The Shining One
Jiyva

Shops:
D:8 [   D:10 (   Lair:2 (

Annotations:
D:8 4 transporters
D:12 Josephine
Lair:4 1 runed translucent door, 1 transporter, exclusion: ice statue, warborn304's ghost, journeyman MiBe


Innate Abilities, Weirdness & Mutations

You have razor-sharp teeth.
Your natural rate of healing is unusually fast.
When hurt, damage is shared between your health and your magic reserves.
Your bite disrupts and absorbs the magic of your enemies.
Potions cannot restore your health.
Armour fits poorly on your strangely shaped body.
Your spells are a little easier to cast, but a little less powerful.


Message History

You block the polar bear's attack.
The polar bear claws you but does no damage.
You block the polar bear's attack.
The polar bear claws you but does no damage.
You block the polar bear's attack.
You barely miss the polar bear. You bite the polar bear. You drain its power.
You feel invigorated.
The polar bear is heavily wounded.
You barely miss the polar bear. You block the polar bear's attack. x2
The polar bear closely misses you. You block the polar bear's attack.
The polar bear claws you but does no damage. x2
You barely miss the polar bear. You bite the polar bear. You drain its power.
You feel invigorated.
The polar bear is heavily wounded.
You hit the polar bear but do no damage.
You hit the rime drake but do no damage.
The polar bear bites you! You block the polar bear's attack.
The polar bear misses you. The polar bear bites you!
The polar bear claws you but does no damage. x2
The rime drake breathes ice at you. The flash freeze hits you!!
You are encased in ice.
As you read the scroll of summoning, it crumbles to dust.
Wisps of shadow whirl around you... The polar bear misses you.
The polar bear claws you.
The polar bear claws you but does no damage.
The polar bear bites you. The polar bear claws you. x2
You block the rime drake's attack.
You swap places.
The ice encasing you melts away.
The rime drake bites you but does no damage.
The polar bear bites your yak but does no damage.
The polar bear claws your yak. x2; The polar bear bites you!
* * * LOW HITPOINT WARNING * * *
The polar bear closely misses you. You block the polar bear's attack.
Your yak gores the rime drake but does no damage.
The rime drake breathes ice at you. The flash freeze hits you!!
You die...
Your body crumbles into a pile of gold.

....#..###........
....######.......♣♣♣
....##.............♣
...............Y...
.............♣.YYY
............♣♣♣♣Y♣
............♣♣♣♣Y♣♣ ♣♣
.............♣♣.YY♣♣...♣♣
...............Y@YhF.....
.............♣♣Ykh♣♣.....
.....#......♣♣YY..♣ ...
....###.#...♣.♣♣Y♣♣ .
.....#.......♣ ...
.....#....... .....
.....#....... ......
....###.##.. ....###.
....###


You could see 2 polar bears, a cane toad, a rime drake (catching breath, ally
target) and 14 friendly yaks.

Vanquished Creatures
  3 hydras
  A two-headed ogre (D:11)
  An orb spider (Lair:3)
  A lindwurm (Lair:3)
  A will-o-the-wisp (Lair:2)
  2 cyclopes (D:11)
  A black mamba (Lair:4)
  6 cane toads
  A torpor snail (Lair:4)
  7 komodo dragons
  A troll (D:9)
  2 polar bears
  A hornet (D:7)
  Grinder (D:4)
  4 blink frogs (Lair:3)
  32 yaks
  3 wyverns
  5 basilisks
  A wraith (D:12)
  6 vampire mosquitoes
  3 acid dragons
  A warg (D:9)
  Edmund (D:5)
  4 water moccasins
  5 orc warriors
  Pargi (Sewer)
  An ice beast (D:5)
  2 black bears (D:6)
  6 wolves
  2 ogres
  5 centaurs
  2 kobold brigands
  11 bullfrogs
  A necrophage (D:7)
  5 scorpions
  A gnoll sergeant (D:5)
  3 killer bees (D:10)
  A howler monkey (D:12)
  3 hounds
  6 orc priests
  A jelly (D:6)
  A gnoll bouda (D:4)
  An iguana (D:5)
  15 orc wizards
  Natasha (twice) (D:2)
  15 gnolls
  11 adders
  A river rat (D:4)
  2 white imps
  An ufetubus (D:5)
  3 worms
  44 orcs
  4 ball pythons
  3 bats
  6 endoplasms
  A giant cockroach (D:1)
  10 goblins
  4 hobgoblins
  5 jackals
  2 frilled lizards
  22 kobolds
  5 rats
  A spectral hobgoblin (D:1)
304 creatures vanquished.

Vanquished Creatures (others)
  Natasha (D:2)
  10 foxfires (Lair:2)
  6 fungi
  44 plants
61 creatures vanquished.

Grand Total: 365 creatures vanquished

Notes
Turn   | Place    | Note
-------+----------+-------------------------------------------
     0 | D:1      | qeuew the Vine Stalker Fighter began the quest for the Orb.
     0 | D:1      | Reached XP level 1. HP: 11/11 MP: 2/2
   310 | D:1      | Reached XP level 2. HP: 16/16 MP: 3/3
   548 | D:1      | Found a faded altar of an unknown god.
   868 | D:2      | Reached XP level 3. HP: 16/19 MP: 2/5
  1308 | D:2      | Noticed Natasha
  1314 | D:2      | Killed Natasha
  1315 | D:2      | Reached skill level 1 in Dodging
  1315 | D:2      | Reached skill level 1 in Spellcasting
  1315 | D:2      | Gained mutation: Your natural rate of healing is unusually
                  | fast. [Vine Stalker growth]
  1315 | D:2      | Reached XP level 4. HP: 12/24 MP: 2/6
  1378 | D:2      | Noticed Natasha
  1385 | D:2      | Killed Natasha
  1414 | D:2      | Noticed Natasha
  1423 | D:2      | Killed Natasha
  1518 | D:3      | Found a hazy altar of Hepliaklqana.
  1561 | D:3      | Reached XP level 5. HP: 25/28 MP: 6/8
  1683 | D:3      | Found an ornate altar of the Wu Jian Council.
  1970 | D:3      | Found a bloodstained altar of Trog.
  2152 | D:4      | Reached XP level 6. HP: 32/32 MP: 7/9
  2278 | D:4      | Noticed Grinder
  2281 | D:4      | Paralysed by Grinder for 5 turns
  2292 | D:4      | Found a glowing drain.
  2310 | D:4      | Paralysed by Grinder for 2 turns
  2318 | D:4      | Killed Grinder
  2319 | D:4      | Reached XP level 7. HP: 37/37 MP: 11/11
  2323 | Sewer    | Entered a sewer
  2380 | Sewer    | Noticed Pargi
  2402 | Sewer    | Killed Pargi
  2469 | D:4      | Found a staircase to the Ecumenical Temple.
  2492 | Temple   | Entered the Ecumenical Temple
  2978 | D:4      | Found an opulent altar of Gozag.
  3306 | D:4      | Became a worshipper of Gozag Ym Sagoz the Greedy
  3494 | D:4      | Found a blossoming altar of Fedhas.
  3494 | D:4      | Found a glowing silver altar of Zin.
  3707 | D:5      | Entered Level 5 of the Dungeon
  3951 | D:5      | Gained mutation: You have razor-sharp teeth. [Vine Stalker
                  | growth]
  3951 | D:5      | Reached XP level 8. HP: 41/42 MP: 13/13
  4055 | D:5      | Noticed Edmund
  4087 | D:5      | Killed Edmund
  4510 | D:6      | Found a basalt altar of Yredelemnul.
  5247 | D:6      | Reached skill level 5 in Fighting
  5247 | D:6      | Reached XP level 9. HP: 47/47 MP: 16/16
  5410 | D:6      | Identified a scroll of acquirement
  5410 | D:6      | Acquired the ring "Nidai" {Str+6 Int+6}
  5475 | D:7      | Reached skill level 5 in Shields
  5515 | D:7      | Noticed a hornet
  5530 | D:7      | Paralysed by a hornet for 2 turns
  5532 | D:7      | Killed a hornet
  5579 | D:7      | Found a broken altar of Ashenzari.
  6031 | D:7      | Learned a level 1 spell: Magic Dart
  6034 | D:7      | Learned a level 2 spell: Searing Ray
  6065 | D:7      | Found a hide-covered altar of Uskayaw.
  6134 | D:8      | Reached skill level 5 in Axes
  6167 | D:8      | Found a transporter.
  6188 | D:8      | Found a transporter.
  6221 | D:8      | Reached skill level 5 in Armour
  6257 | D:8      | Found Liosaone's Antique Armour Emporium.
  6289 | D:8      | Reached skill level 1 in Conjurations
  6659 | D:8      | Found a transporter.
  6685 | D:8      | Found a transporter.
  6728 | D:8      | Gained mutation: You are frail. (-10% HP) [potion of
                  | mutation]
  6728 | D:8      | Gained mutation: You occasionally lose the ability to drink
                  | potions when taking damage. [potion of mutation]
  6728 | D:8      | Gained mutation: You are agile. (Dex +4, Str/Int -1)
                  | [potion of mutation]
  6749 | D:9      | Reached skill level 5 in Spellcasting
  6762 | D:9      | Found a staircase to the Orcish Mines.
  6791 | D:9      | Reached XP level 10. HP: 47/47 MP: 15/18
  7019 | D:9      | HP: 2/47 [centaur/+0 trident (3)]
  7158 | D:9      | Found a radiant altar of Vehumet.
  7374 | D:9      | Found a glowing golden altar of the Shining One.
  7558 | D:10     | Entered Level 10 of the Dungeon
  7773 | D:10     | Found a shimmering altar of Xom.
  7859 | D:10     | Bought a glowing war axe for 169 gold pieces
  7882 | D:10     | Found a snail-covered altar of Cheibriados.
  7936 | D:10     | Reached skill level 5 in Dodging
  8190 | D:11     | Noticed a two-headed ogre
  8198 | D:11     | Killed a two-headed ogre
  8264 | D:11     | Reached XP level 11. HP: 48/52 MP: 21/21
  8319 | D:11     | Noticed a six-headed hydra
  8329 | D:11     | Killed an eight-headed hydra
  8400 | D:11     | Noticed a cyclops
  8411 | D:11     | Killed a cyclops
  8462 | D:11     | Noticed a cyclops
  8470 | D:11     | Killed a cyclops
  8714 | D:11     | Found a staircase to the Lair.
  9015 | D:11     | Reached skill level 5 in Conjurations
  9276 | D:12     | Noticed Josephine
  9459 | Lair:1   | Entered Level 1 of the Lair of Beasts
  9706 | Lair:1   | Lost mutation: You are frail. (-10% HP) [potion of
                  | mutation]
  9706 | Lair:1   | Lost mutation: You occasionally lose the ability to drink
                  | potions when taking damage. [potion of mutation]
  9706 | Lair:1   | Lost mutation: You are agile. (Dex +4, Str/Int -1) [potion
                  | of mutation]
  9706 | Lair:1   | Gained mutation: Armour fits poorly on your strangely
                  | shaped body. [potion of mutation]
  9706 | Lair:1   | Gained mutation: Your spells are a little easier to cast,
                  | but a little less powerful. [potion of mutation]
 10593 | Lair:2   | You fall into a shaft and drop 1 floor!
 10607 | Lair:3   | Noticed a lindwurm
 10615 | Lair:3   | Killed a lindwurm
 10636 | Lair:2   | Noticed a will-o-the-wisp
 10636 | Lair:2   | Found a staircase to the Swamp.
 10760 | Lair:2   | Killed a will-o-the-wisp
 10761 | Lair:2   | Reached XP level 12. HP: 36/63 MP: 14/23
 10977 | Lair:2   | Noticed a six-headed hydra
 10977 | Lair:2   | Found the +10 morningstar "Eos" {elec, Halo rElec}
 10982 | Lair:2   | Killed a six-headed hydra
 11456 | Lair:2   | Bought a glowing war axe for 162 gold pieces
 11677 | Lair:3   | Noticed a five-headed hydra
 11687 | Lair:3   | Killed a ten-headed hydra
 11772 | Lair:3   | Identified the +2 leather armour of Vexation {Int+2}
 12318 | Lair:3   | Found a hole to the Spider Nest.
 12506 | Lair:4   | Noticed warborn304's ghost (journeyman MiBe)
 12507 | Lair:4   | Noticed an eight-headed hydra
 12509 | Lair:4   | Noticed a five-headed hydra
 12697 | Lair:4   | Found a runed translucent door.
 12699 | Lair:4   | Found a viscous altar of Jiyva.
 12917 | Lair:4   | Found a transporter.
 12943 | Lair:4   | Reached XP level 13. HP: 68/68 MP: 26/26
 12961 | Lair:4   | Killed from afar by a rime drake

Illustrated notes

Levels and vault maps discovered:
D:1:      eino_arrival_druids_welcome, layout_loops_ring,
          dreamdust_ecumenical_altar_drowned_temple, patterned_corridor
D:2:      layout_basic, uniq_natasha
D:3:      layout_basic, bloody_trog, mainiacjoe_overflow_catwalk,
          mainiacjoe_overflow_small_starburst
D:4:      layout_basic, gammafunk_temple_overflow_elements,
          kennysheep_mini_moat, minmay_temple_entry_stoned_glass,
          cheibrodos_sewer_entry_sluice, uniq_grinder
D:5:      layout_loops_ring, uniq_edmund
D:6:      layout_basic, yredelemnul_altar_generic
D:7:      layout_rooms, mainiacjoe_overflow_brackets,
          lemuel_coloured_pillars_altar, chequers_serial_rivers_micro_c
D:8:      layout_gridville, serial_shops, nicolae_shop_statue_plus,
          nicolae_diode_intersection
D:9:      layout_cave_pools, nicolae_vehumet_altar_sigil,
          nicolae_tso_carved_into_rock, erik_orc_3
D:10:     layout_roguey, mainiacjoe_overflow_tiny_flanked,
          mainiacjoe_overflow_chevrons, grunt_decor_junction,
          chequers_serial_rivers_micro_c
D:11:     layout_stronghold, david_lair_shrubbed, feat_on_display
D:12:     layout_gridville, serial_shops, nicolae_shop_hallway_stairs,
          uniq_jorgrun, uniq_josephine
Temple:   chequers_temple_sunken
Lair:1:   layout_concentric_octagons
Lair:2:   layout_misc_corridors, minmay_swamp_entry_wisps
Lair:3:   layout_regular_city, nicolae_spider_entry_orb_guardian,
          lemuel_fruit_fields
Lair:4:   layout_regular_city, slime_entry_2, nzn_ghost_randoct,
          nicolae_lair_grove_arrangements, infiniplex_staircase_pool

Skill      XL: |  1  2  3  4  5  6  7  8  9 10 11 12 |
---------------+-------------------------------------+-----
Axes           | 2 3 4 5 6 7 |  7.8
Fighting       | 3 4 5 6 7 8 |  8.3
Dodging        | 1 2 3 4 5 6 |  6.8
Shields        | 3 4 5 6 7 8 |  8.2
Spellcasting   | 1 2 3 4 5 6 7 8 |  8.2
Armour         | 3 4 5 6 7 |  7.6
Conjurations   | 1 3 5 6 |  6.6

Action                   |  1- 3 |  4- 6 |  7- 9 | 10-12 | 13-15 || total
-------------------------+-------+-------+-------+-------+-------++-------
Melee: War axe           |    55 |   100 |   388 |   481 |     6 ||  1030
       Bite              |    17 |    25 |   104 |   189 |     4 ||   339
Invok: Call Merchant     |       |       |       |     2 |       ||     2
Evoke: Wand              |       |       |       |    19 |       ||    19
  Use: Scroll            |     3 |     8 |     5 |    15 |     1 ||    32
       Potion            |       |     1 |     2 |     3 |       ||     6
 Stab: Distracted        |       |       |     7 |     4 |       ||    11
Armor: Scale mail        |    24 |    41 |   182 |   145 |    10 ||   402
Dodge: Dodged            |    18 |    50 |   218 |   348 |     7 ||   641
Block: Buckler           |    11 |    16 |   176 |   384 |    14 ||   601
       Reflection        |       |       |     5 |     4 |       ||     9
